 Dungeon Crawl Stone Soup version 0.29.0-4-gdea44cf6ec (webtiles) character file.

Game seed: 18349670146095395561

866 voltaire321 the Trooper (level 8, -5/70 HPs)
             Began as a Hill Orc Fighter on Aug 27, 2022.
             Slain by Duvessa
             ... wielding a +2 rapier of flaming
              (12 damage)
             ... on level 5 of the Dungeon.
             The game lasted 00:07:17 (4529 turns).

voltaire321 the Trooper (Hill Orc Fighter)          Turns: 4529, Time: 00:07:18

Health: -5/70      AC: 11    Str: 21    XL:     8   Next: 3%
Magic:  8/8        EV:  8    Int:  8    God:
Gold:   199        SH: 10    Dex: 10    Spells: 7/7 levels left

rFire   . . .      SeeInvis .   a - +0 war axe
rCold   . . .      Faith    .   c - +0 buckler
rNeg    . . .      Spirit   .   u - +0 chain mail
rPois   .          Reflect  +   (no helmet)
rElec   .          Harm     .   v - +0 cloak
rCorr   .          Rampage  .   (no gloves)
Will    .....                   (no boots)
Stlth   ..........              x - amulet of reflection
HPRegen 0.21/turn               (no ring)
MPRegen 0.11/turn               (no ring)

@: no status effects
A: no striking features
a: no special abilities


You were on level 5 of the Dungeon.
You visited 1 branch of the dungeon, and saw 5 of its levels.

You collected 199 gold pieces.

Inventory:

Hand Weapons
 a - a +0 war axe (weapon)
Missiles
 e - a throwing net
 C - 3 poisoned darts
Armour
 c - a +0 buckler (worn)
 u - a +0 chain mail (worn)
 v - a +0 cloak (worn)
Jewellery
 q - a ring of ice
 x - an amulet of reflection (around neck)
Wands
 o - a wand of roots (2) (quivered)
Scrolls
 b - a scroll of noise {unknown}
 j - a scroll of magic mapping {unknown}
 k - 2 scrolls of identify {unknown}
 l - a scroll of poison {unknown}
 m - 2 scrolls of teleportation {unknown}
 n - a scroll of immolation {unknown}
 p - a scroll of amnesia {unknown}
 r - a scroll of fear {unknown}
 s - a scroll of enchant weapon {unknown}
 y - 4 scrolls of enchant armour {unknown}
 D - a scroll of blinking {unknown}
 E - 2 scrolls of acquirement {unknown}
Potions
 d - 2 potions of might
 f - a potion of degeneration {unknown}
 g - a potion of berserk rage {unknown}
 h - 2 potions of resistance {unknown}
 i - a potion of mutation {unknown}
 t - 2 potions of ambrosia {unknown}
 w - 2 potions of curing {unknown}
 z - a potion of cancellation {unknown}
 A - 2 potions of brilliance {unknown}
 B - a potion of heal wounds {unknown}


   Skills:
 + Level 5.9 Fighting
 + Level 5.7 Axes
 + Level 5.3 Armour
 + Level 3.0 Dodging
 + Level 5.3 Shields
 + Level 0.4 Evocations


You had 7 spell levels left.
You didn't know any spells.
Your spell library was empty.

Dungeon Overview and Level Annotations

Branches:
Dungeon (5/15)
 Temple: D:4-7

Altars:

Shops:
D:4 (

Annotations:
D:5 Duvessa, Menkaure


Message History

Aim: Duvessa, wielding a +2 rapier of flaming and wearing a +0 leather armour (moderately wounded, berserk)
The roots erupt in riotous growth!
Roots grab Duvessa.
The grasping roots constrict Duvessa.
Duvessa struggles to escape constriction.
An orc comes into view. It is wielding a +2 dagger of speed.
The grasping roots constrict Duvessa.
The roots release their grip on Duvessa.
Duvessa attacks as you move away! You block Duvessa's attack.
Duvessa barely misses you.
You slash Duvessa!
Duvessa is heavily wounded.
Duvessa hits you with a +2 rapier of flaming!
Duvessa burns you. You block Duvessa's attack.
You closely miss Duvessa.
Duvessa is heavily wounded.
Duvessa hits you but does no damage. You block Duvessa's attack.
You hit Duvessa.
Duvessa is heavily wounded.
Duvessa hits you with a +2 rapier of flaming!
Duvessa burns you.
Menkaure casts a spell.
Menkaure seems to speed up.
Duvessa hits you with a +2 rapier of flaming!!
Duvessa burns you!
* * * LOW HITPOINT WARNING * * *
You slash Duvessa!
Duvessa is severely wounded.
Duvessa hits you with a +2 rapier of flaming!
* * * LOW HITPOINT WARNING * * *
Duvessa burns you.
* * * LOW HITPOINT WARNING * * *
Duvessa closely misses you.
You closely miss Duvessa.
Duvessa is severely wounded.
You block Duvessa's attack.
You barely miss Duvessa.
Duvessa is severely wounded.
Duvessa hits you with a +2 rapier of flaming!
You die...

....##........ #.# #.#
).# .............. #.#
#.# ##..# ....##........
#.# #.###..#
....##........
#.####.#.o..#
.....#........
#.##...#.##.#
#............. #........#
.# ####..........
##......## .#
.###...#....# ####o..#.##
.#
...###.#..#.#.#.@eM..#.#
##
....รท))....<..#.###....#
..>.##...#.#.... #....#
....###.......#####.#..#
....# #...............#
....#####..............#
...........##.#........#
####............##...#.##
##.........####.#.#..#


You could see Duvessa (berserk), Menkaure (fast) and an orc.

Vanquished Creatures
  A black bear (D:5)
  2 centaurs (D:5)
  2 necrophages (D:5)
  2 scorpions (D:4)
  Dowan (D:5)
  A howler monkey (D:4)
  2 hounds (D:5)
  An orc priest (D:4)
  3 iguanas
  4 adders
  2 worms
  2 dart slugs
  5 orcs
  4 endoplasms
  4 giant cockroaches
  9 goblins
  8 hobgoblins
  3 jackals (D:1)
  7 kobolds
  6 quokkas
  5 ball pythons
  2 bats
  8 frilled lizards
  3 rats
87 creatures vanquished.

Vanquished Creatures (others)
  A plant (D:1)
1 creature vanquished.

Grand Total: 88 creatures vanquished

Notes
Turn   | Place    | Note
-------+----------+-------------------------------------------
     0 | D:1      | voltaire321 the Hill Orc Fighter began the quest for the
                  | Orb.
     0 | D:1      | Reached XP level 1. HP: 19/19 MP: 1/1
    58 | D:1      | Reached XP level 2. HP: 25/27 MP: 2/2
   566 | D:1      | Reached XP level 3. HP: 30/33 MP: 3/3
   596 | D:1      | Found a faded altar of an unknown god.
  1257 | D:2      | Reached skill level 1 in Dodging
  1311 | D:2      | Reached XP level 4. HP: 37/40 MP: 4/4
  2447 | D:3      | Found the +7 Kryia's mail coat {PotionHeal*2 rC+}
  2863 | D:4      | Noticed a scorpion
  2871 | D:4      | Killed a scorpion
  2872 | D:4      | Reached XP level 5. HP: 37/47 MP: 5/5
  3037 | D:4      | Reached XP level 6. HP: 37/55 MP: 6/6
  3356 | D:4      | Reached skill level 5 in Fighting
  3586 | D:4      | Found Lianog's Weapon Emporium.
  3974 | D:5      | Entered Level 5 of the Dungeon
  4095 | D:5      | Reached XP level 7. HP: 61/61 MP: 7/7
  4102 | D:5      | Reached skill level 5 in Axes
  4169 | D:5      | Reached skill level 5 in Shields
  4176 | D:5      | Reached skill level 5 in Armour
  4504 | D:5      | Noticed Dowan
  4509 | D:5      | Killed Dowan
  4510 | D:5      | Reached XP level 8. HP: 70/70 MP: 8/8
  4513 | D:5      | Noticed Duvessa
  4516 | D:5      | Noticed Menkaure
  4529 | D:5      | Slain by Duvessa

Illustrated notes

Levels and vault maps discovered:
D:1:      minmay_arrival_solitary_statue, layout_basic,
          shapermc_ecumenical_altar_acropolis
D:2:      layout_basic, kennysheep_generic_room_16
D:3:      layout_basic
D:4:      layout_rooms, serial_shops, shop
D:5:      layout_rooms, uniq_menkaure, uniq_duvessa

Skill      XL: |  1  2  3  4  5  6  7 |
---------------+----------------------+-----
Axes           | 3 4 5 |  5.7
Fighting       | 4 5 |  5.9
Dodging        | 1 2 3 |  3.0
Armour         | 4 5 |  5.3
Shields        | 4 5 |  5.3
Evocations     | |  0.4

Action                   |  1- 3 |  4- 6 |  7- 9 || total
-------------------------+-------+-------+-------++-------
Melee: War axe           |   129 |   113 |    36 ||   278
Evoke: Wand              |       |       |     6 ||     6
Armor: Scale mail        |    54 |    11 |       ||    65
       Chain mail        |       |    59 |    16 ||    75
Dodge: Dodged            |    63 |    53 |    22 ||   138
Block: Buckler           |    38 |    25 |    28 ||    91
       Reflection        |       |       |     3 ||     3
